 Dungeon Crawl Stone Soup version 0.18-a0-1677-g2bdad6c (webtiles) character file.

66 Kidiri the Magician (level 3, -4/20 HPs)
             Began as a Deep Elf Fire Elementalist on Apr 2, 2016.
             Slain by Grinder (6 damage)
             ... while paralysed by Grinder
             ... on level 3 of the Dungeon.
             The game lasted 00:10:20 (2589 turns).

Kidiri the Magician (Deep Elf Fire Elementalist)    Turns: 2589, Time: 00:10:21

Health: -4/20      AC:  5    Str:  5    XL:     3   Next: 96%
Magic:  5/10       EV:  2    Int: 20    God:
Gold:   98         SH:  0    Dex: 15    Spells: 4 memorised, 0 levels left

rFire  . . .     SeeInvis .     j - +0 dagger
rCold  . . .     Gourm    .     a - +0 robe
rNeg   . . .     Faith    .     (no shield)
rPois  .         Spirit   .     (no helmet)
rElec  .         Dismiss  .     (no cloak)
rCorr  .         Reflect  .     h - +2 pair of gloves
SustAt .         Harm     .     (no boots)
MR     .....                    (no amulet)
Stlth  ++........               (no ring)
                                (no ring)

@: paralysed, not resistant to hostile enchantments, unstealthy
A: no striking features
a: no special abilities


You were on level 3 of the Dungeon.
You were not hungry.

You visited 1 branch of the dungeon, and saw 3 of its levels.

You collected 98 gold pieces.

Inventory:

Hand Weapons
 j - a +0 dagger (weapon)
Armour
 a - a +0 robe (worn)
 h - a +2 pair of gloves (worn)
 i - a +0 buckler
Potions
 d - a potion of magic
 e - a potion of haste {unknown}
 g - 3 potions of heal wounds {unknown}
Books
 b - a book of Flames

   Spells                             Type                      Level
   a - Flame Tongue                   Conjuration/Fire             1
   b - Throw Flame                    Conjuration/Fire             2
   c - Conjure Flame                  Conjuration/Fire             3
   d - Inner Flame                    Hexes/Fire                   3
   e - Sticky Flame                   Conjuration/Fire             4
   f - Fireball                       Conjuration/Fire             5
Comestibles
 c - a bread ration
 f - 2 meat rations
 k - a chunk of flesh


   Skills:
 + Level 1.0 Fighting
 + Level 0.0 Armour
 * Level 2.8 Dodging
 - Level 2.4 Stealth
 + Level 0.0 Shields
 * Level 3.8 Spellcasting
 + Level 2.0 Conjurations
 + Level 1.3 Hexes
 + Level 3.7 Fire Magic


You couldn't memorise any spells.
You knew the following spells:

 Your Spells              Type           Power        Failure   Level  Hunger
a - Flame Tongue          Conj/Fire      ###..        4%          1    None
b - Throw Flame           Conj/Fire      ###...       10%         2    ##.....
c - Conjure Flame         Conj/Fire      ###.....     14%         3    ###....
d - Inner Flame           Hex/Fire       ##......     14%         3    ###....


Dungeon Overview and Level Annotations

Branches:
Dungeon (3/15)

Altars:

Annotations:
D:3 Grinder


Message History

The fire roars!
A goblin comes into view.
The goblin shouts!
Grinder says, "Are you a fish?"
Grinder gestures.
Grinder blinks!
Casting: Conjure Flame
Confirm with . or Enter, or press ? or * to list all spells.
Aiming: Flame Tongue
Press: ? - help, Shift-Dir - straight line, f - Grinder
Aim: Grinder The flame tongue hits Grinder.
Grinder is lightly wounded.
Grinder gestures at you.
You suddenly lose the ability to move!
The goblin hits you. Grinder hits you.
You writhe in agony.
The goblin hits you but does no damage. Grinder hits you.
* * * LOW HITPOINT WARNING * * *
You writhe in agony.
You die...

###.# #§# #5#
#.# #.# #.#
#.#####.#
#.......#
#.######## #.#
##...##
#.###....[##.##.
#.§.....@g......
#####..5..##.##.
##...## #####


You could see Grinder and a goblin.

Vanquished Creatures
  An adder (D:2)
  2 worms (D:2)
  2 dart slugs
  2 giant geckos
  4 bats
  3 giant cockroaches
  6 goblins (D:2)
  4 hobgoblins
  8 jackals
  A giant newt (D:1)
  2 kobolds
  5 rats
40 creatures vanquished.

Notes
Turn   | Place    | Note
--------------------------------------------------------------
     0 | D:1      | Kidiri the Deep Elf Fire Elementalist began the quest for the Orb.
     0 | D:1      | Reached XP level 1. HP: 10/10 MP: 6/6
   551 | D:1      | Reached XP level 2. HP: 15/15 MP: 1/8
   555 | D:1      | Learned a level 2 spell: Throw Flame
  1021 | D:2      | Reached XP level 3. HP: 20/20 MP: 3/10
  1026 | D:2      | Learned a level 3 spell: Conjure Flame
  1030 | D:2      | Learned a level 3 spell: Inner Flame
  1337 | D:2      | Reached skill level 1 in Fighting
  1683 | D:2      | Reached skill level 1 in Hexes
  2536 | D:3      | Noticed Grinder
  2587 | D:3      | Paralysed by Grinder for 3 turns
  2589 | D:3      | Slain by Grinder

Vault maps used:
D:1:      minmay_arrival_loop
D:3:      first_bread, gup_sewer_entry_pipe, uniq_sigmund, uniq_grinder

Skill      XL: |  1  2  3 |
---------------+----------+-----
Fighting       | 1 |  1.0
Hexes          | 1 |  1.3
Conjurations   | 2 |  2.0
Dodging        | |  2.8
Stealth        | |  2.4
Spellcasting   | |  3.8
Fire Magic     | |  3.7

Action                   || total
-------------------------++-------
Melee: Unarmed           ||    13
       Dagger            ||    21
 Cast: Flame Tongue      ||    61
       Throw Flame       ||    14
       Conjure Flame     ||     3
  Use: Scroll            ||     4
  Eat: Chunk             ||     4
       Bread ration      ||     1
